 Dungeon Crawl Stone Soup version 0.29.1-12-g30fa7ad0bf (webtiles) character file.

Game seed: 13687422847037574017

1535 DildoBatman the Magician (level 9, -6/66 HPs)
             Began as a Formicid Conjurer on Jan 3, 2023.
             Mangled by a gnoll sergeant
             ... wielding a +2 spear of venom
              (14 damage)
             ... on level 7 of the Dungeon.
             The game lasted 00:14:57 (4870 turns).

DildoBatman the Magician (Formicid Conjurer)        Turns: 4870, Time: 00:14:58

Health: -6/66      AC:  5    Str: 12    XL:     9   Next: 11%
Magic:  19/19      EV: 12    Int: 22    God:
Gold:   343        SH:  0    Dex: 12    Spells: 19/22 levels left

rFire   . . .      SeeInvis +   a - +0 shortbow
rCold   . . .      Faith    .   (no shield)
rNeg    . . .      Spirit   .   n - +0 robe
rPois   .          Reflect  .   (helmet unavailable)
rElec   .          Harm     .   (no cloak)
rCorr   .          Rampage  .   m - +2 pair of gloves
Will    .....                   (no boots)
Stlth   ++........              (no amulet)
HPRegen 0.21/turn               (no ring)
MPRegen 0.16/turn               (no ring)

@: no status effects
A: permanent stasis, dig shafts and tunnels, antennae 3, four strong arms
a: Dig, Shaft Self


You were on level 7 of the Dungeon.
You visited 1 branch of the dungeon, and saw 7 of its levels.

You collected 343 gold pieces.

Inventory:

Hand Weapons
 a - a +0 shortbow (weapon)
 b - a +2 flail of protection
Missiles
 d - 34 stones
 e - 2 silver boomerangs
 s - 9 poisoned darts
Armour
 m - a +2 pair of gloves (worn)
 n - a +0 robe (worn)
Magical Staves
 l - a staff of air
Scrolls
 c - 3 scrolls of identify
 i - a scroll of enchant weapon
 o - 4 scrolls of amnesia
 q - 2 scrolls of fog
 r - a scroll of vulnerability
 t - a scroll of enchant armour {unknown}
 u - 2 scrolls of blinking {unknown}
 w - a scroll of noise {unknown}
 x - a scroll of silence {unknown}
Potions
 f - a potion of magic
 g - 3 potions of brilliance {unknown}
 h - a potion of ambrosia {unknown}
 j - a potion of invisibility {unknown}
 k - 2 potions of degeneration {unknown}
 p - 4 potions of curing {unknown}
 v - a potion of attraction {unknown}


   Skills:
 * Level 4.5 Fighting
 * Level 4.4 Armour
 - Level 3.0 Dodging
 - Level 2.4 Stealth
 - Level 7.0 Spellcasting
 - Level 6.0 Conjurations


You had 19 spell levels left.
You knew the following spells:

 Your Spells              Type           Power      Damage    Failure   Level
a - Searing Ray           Conj           68%        2d6       1%          2
c - Magic Dart            Conj           100%       1d8       1%          1

Your spell library contained the following spells:

 Spells                   Type           Power      Damage    Failure   Level
 Dazzling Flash           Conj/Hex       40%        N/A       7%          3
 Gell's Gravitas          Tloc           7%         N/A       24%         3
 Lesser Beckoning         Tloc           7%         N/A       24%         3
 Ozocubu's Armour         Ice            7%         N/A       24%         3
 Teleport Other           Tloc           7%         N/A       24%         3
 Fulminant Prism          Conj/Hex       10%        3d9       24%         4
 Iskenderun's Mystic Bla  Conj/Tloc      20%        2d6       24%         4
 Metabolic Englaciation   Hex/Ice        3%         N/A       92%         5
 Simulacrum               Ice/Necr       3%         N/A       100%        6


Dungeon Overview and Level Annotations

Branches:
Dungeon (7/15)
 Temple: D:4-7

Altars:
Ashenzari
Cheibriados
Hepliaklqana
Makhleb
Trog

Shops:
D:7 [

Annotations:
D:3 Sigmund
D:4 1 exclusion
D:6 exclusions: sensed monster (detected) and worm


Innate Abilities, Weirdness & Mutations

You cannot be hasted, slowed, berserked, paralysed or teleported.
You can dig through walls and to a lower floor.
You have a pair of large antennae on your head. (SInv)
Your four strong arms can wield two-handed weapons with a shield.


Message History

The wyvern attacks as you move away! The wyvern misses you.
The wyvern bites you. The wyvern attacks as you move away!
The wyvern bites you but does no damage.
The wyvern bites you!
A gnoll comes into view.
It is wielding a +0 whip and wearing a +1 leather armour of fire resistance.
The centaur shoots an arrow.
The arrow hits you but does no damage.
A gnoll sergeant comes into view. It is wielding a +2 spear of venom.
A gnoll comes into view. It is wielding a +0 spear.
The gnoll shouts!
The gnoll sergeant shouts!
You hear a shout!
The centaur shoots an arrow.
The arrow hits you.
The wyvern bites you but does no damage.
A gnoll comes into view. It is wielding a +0 halberd.
The centaur shoots an arrow.
The arrow hits you! The wyvern attacks as you move away!
The wyvern completely misses you.
The wyvern is sucked into a shaft!
The shaft crumbles and collapses.
The centaur shoots an arrow.
The arrow closely misses you.
The arrow hits the gnoll but does no damage.
A gnoll comes into view. It is wielding a +0 spear.
Are you sure you want to shaft yourself?
The centaur shoots an arrow.
The arrow closely misses you.
The arrow hits the gnoll!
The gnoll falls through a shaft!
The shaft crumbles and collapses.
The centaur shoots an arrow.
The arrow hits you.
You begin to dig a shaft.
You continue digging a shaft.
The gnoll sergeant hits you from afar with a +2 spear of venom!
You die...

#.#.......### #....[..
#.....#.......###.......
#.....#.................
.######.............###.......
..........###.............###.
................c.#####....##.
..........^.......## #.....##.
.......g...........###.....##.
.#..#..<..g..@°.....##........
.............○......##########
......#.^^.g................## ##
#..............^.....[..∩...##
...#####...^.....^..^...........'
...##.....^.....................#
....> #.#.......^..............#
...#.###.#....^^^....^.......####
......##.#.#..................#


You could see a gnoll sergeant, a centaur and 2 gnolls.

Vanquished Creatures
  A hornet (D:6)
  2 sky beasts
  A black bear (D:5)
  An ogre (D:5)
  2 phantoms
  A centaur (D:5)
  2 necrophages (D:6)
  A howler monkey (D:6)
  2 orc priests
  A gnoll bouda (D:5)
  2 hounds
  A jelly (D:7)
  5 iguanas
  4 orc wizards
  7 gnolls (D:5)
  6 adders
  2 worms
  2 dart slugs
  13 orcs
  3 bats
  8 endoplasms
  2 giant cockroaches
  3 goblins
  4 hobgoblins
  6 jackals
  5 quokkas
  6 ball pythons
  4 frilled lizards
  6 kobolds
  5 rats
108 creatures vanquished.

Notes
Turn   | Place    | Note
-------+----------+-------------------------------------------
     0 | D:1      | DildoBatman the Formicid Conjurer began the quest for the
                  | Orb.
     0 | D:1      | Reached XP level 1. HP: 13/13 MP: 3/3
   252 | D:1      | Reached XP level 2. HP: 20/20 MP: 0/5
   255 | D:1      | Learned a level 2 spell: Searing Ray
   628 | D:1      | Reached skill level 1 in Armour
   751 | D:1      | Reached skill level 1 in Fighting
   751 | D:1      | Reached XP level 3. HP: 23/26 MP: 0/6
  1595 | D:2      | Reached XP level 4. HP: 33/33 MP: 2/8
  1821 | D:3      | Reached skill level 3 in Spellcasting
  1912 | D:3      | Reached XP level 5. HP: 14/38 MP: 3/9
  2046 | D:3      | Noticed Sigmund
  2539 | D:3      | Noticed a phantom
  2550 | D:3      | Killed a phantom
  2551 | D:3      | Reached XP level 6. HP: 38/47 MP: 1/11
  2902 | D:4      | You fall into a shaft and drop 2 floors!
  2912 | D:6      | Found a broken altar of Ashenzari.
  2912 | D:6      | Found a bloodstained altar of Trog.
  2912 | D:6      | Noticed a sky beast
  2928 | D:6      | Noticed a hornet
  2957 | D:6      | Found a burning altar of Makhleb.
  3100 | D:6      | Killed a hornet
  3101 | D:6      | Reached skill level 4 in Spellcasting
  3101 | D:6      | Reached skill level 5 in Conjurations
  3101 | D:6      | Reached XP level 7. HP: 17/52 MP: 10/14
  3236 | D:6      | Found a snail-covered altar of Cheibriados.
  3288 | D:6      | Reached skill level 5 in Spellcasting
  3445 | D:5      | Entered Level 5 of the Dungeon
  3469 | D:5      | Reached XP level 8. HP: 58/58 MP: 8/16
  3516 | D:5      | Reached skill level 6 in Spellcasting
  4002 | D:5      | Reached skill level 7 in Spellcasting
  4005 | D:5      | Found a hazy altar of Hepliaklqana.
  4540 | D:7      | Reached XP level 9. HP: 50/65 MP: 9/19
  4771 | D:7      | Found Viack's Armour Emporium.
  4870 | D:7      | Mangled by a gnoll sergeant

Illustrated notes

Levels and vault maps discovered:
D:1:      minmay_arrival_solitary_statue, layout_loops_ring
D:2:      layout_rooms
D:3:      layout_loops_cross, uniq_sigmund
D:4:      black_bear_nest_2, layout_cave_pools, okawaru_altar_gauntlet_db,
          kennysheep_path_1, wad_rectangle_vault
D:5:      layout_cave_pools, lemuel_tele_altar
D:6:      layout_gridville, cheibrodos_worm_habitat, bloody_makhleb,
          mainiacjoe_overflow_divided_tiny, gammafunk_ghost_arena,
          corexii_corridor_pit
D:7:      layout_basic, temple_green, serial_shops, shop, minmay_holes

Skill      XL: |  1  2  3  4  5  6  7  8  9 |
---------------+----------------------------+-----
Dodging        | 2 3 |  3.0
Armour         | 1 2 3 4 |  4.4
Fighting       | 1 2 3 4 |  4.5
Conjurations   | 4 5 6 |  6.0
Spellcasting   | 3 4 5 7 |  7.0
Stealth        | |  2.4

Action                   |  1- 3 |  4- 6 |  7- 9 || total
-------------------------+-------+-------+-------++-------
Melee: Whip              |     1 |       |       ||     1
       Short sword       |     5 |       |       ||     5
       Dagger            |     3 |     3 |       ||     6
       Falchion          |       |     8 |       ||     8
       Flail             |       |       |     5 ||     5
 Fire: Shortbow          |       |       |    21 ||    21
 Cast: Magic Dart        |    60 |    15 |    38 ||   113
       Searing Ray       |     2 |    18 |    29 ||    49
 Abil: Dig               |       |     1 |       ||     1
       Shaft Self        |       |       |     1 ||     1
  Use: Scroll            |       |     8 |       ||     8
       Potion            |       |     1 |       ||     1
 Stab: Sleeping          |       |     1 |       ||     1
Armor: Robe              |     8 |    10 |    14 ||    32
Dodge: Dodged            |    17 |    19 |    31 ||    67
